[Event "*** MasterClass Titled Tuesday Blitz"]
[Site "Chess.com"]
[Date "2017.08.01"]
[Round "10"]
[White "AlexanderKing"]
[Black "beastfromweast"]
[Result "1-0"]
[WhiteElo "2419"]
[BlackElo "2263"]
[TimeControl "180+2"]
[EndTime "15:16:07 PDT"]
[Termination "AlexanderKing won by checkmate"]

1. d4 d5 2. c4 e6 3. Nc3 Be7 4.
cxd5 exd5 5. Bf4 Nf6 6. e3 c6 7. Bd3 O-O 8. Qc2 Nbd7 9. Nge2 Re8 10. O-O Nf8 11. h3 Be6 12. Rab1 Rc8 13. b4 a6 14. Na4 Ng6 15. Bh2 Bd6 16. Nc5 Bxh2+ 17. Kxh2 Qc7+ 18.
g3 Nh4 19. f4 Bxh3 20. Kxh3 Rxe3 21. Kxh4 Rce8 22. Kh3 Nh5 23. Kg2 Qc8 24. Rf3 Qg4 25. Rbf1 b6 26. Nb3 Rxe2+ 27. Bxe2 Rxe2+ 28. Qxe2 Nxf4+ 29. Rxf4 Qxe2+ 30. R1f2 Qc4 31. Rxf7 h6 32. Rb7 b5 33. Rff7 Qe2+ 34. Rf2 Qe4+ 35. Kh2 Qe1 36. Rbf7 Qxb4 37. Nc5 Qxd4 38. Ne6 Qb4 39. Rxg7+ Kh8 40. Rgf7 d4 41. Rf8+ Kh7 42. R2f7+ Kg6 43. Rg7+ Kh5 44. Rf5# 1-0

[Event "*** MasterClass Titled Tuesday Blitz"]
[Site "Chess.com"]
[Date "2017.08.01"]
[Round "10"]
[White "renanreis"]
[Black "AllStarShark"]
[Result "1-0"]
[WhiteElo "2147"]
[BlackElo "2312"]
[TimeControl "180+2"]
[EndTime "15:16:12 PDT"]
[Termination "renanreis won on time"]

1. d4 d5 2. Bf4 Nf6 3. e3 e6 4.
Nf3 Bd6 5. Bd3 c5 6. dxc5 Bxf4 7. exf4 Qa5+ 8. Nbd2 Qxc5 9. O-O Nc6 10. c3 O-O 11.
Ne5 Qb6 12. b4 Qc7 13. Re1 Nxe5 14. fxe5 Nd7 15. Re3 g6 16. Nf3 f6 17. exf6 Nxf6 18. Qc2 Qg7 19. Rae1 Bd7 20. Ne5 Rae8 21. Rg3 Nh5 22.
Rf3 Nf4 23. Bf1 Bc8 24. g3 Nh5 25. Bb5 Re7 26. Rxf8+ Qxf8 27. Bd3 Qf6 28. f4 Ng7 29. Ng4 Qf7 30. Nh6+ Kf8 31. Nxf7 Rxf7 32. Qa4 b6 33. Qc6 Bd7 34. Qa8+ Ke7 35. Qxa7 Ne8 36. Qxb6 Nd6 37. Qc5 h5 38. a4 Rf8 39. b5 h4 40. Qxd5 hxg3 41.
hxg3 Rc8 42. Qg5+ Ke8 43. Bxg6+ Nf7 44. Qf6 1-0

[Event "*** MasterClass Titled Tuesday Blitz"]
[Site "Chess.com"]
[Date "2017.08.01"]
[Round "10"]
[White "Jahonas"]
[Black "IvaVidenova"]
[Result "1-0"]
[WhiteElo "2200"]
[BlackElo "2393"]
[TimeControl "180+2"]
[EndTime "15:16:14 PDT"]
[Termination "Jahonas won by resignation"]

1. d4 Nf6 2. Nf3 g6 3. g3 Bg7 4. Bg2 O-O 5. c4 d6 6. O-O Nbd7 7. Nc3 e5 8. dxe5 dxe5 9. Qc2 c6 10. Rd1 Qc7 11. b3 Rd8 12. Ba3 Bf8 13. Bxf8 Rxf8 14.
Ne4 Nxe4 15. Qxe4 Re8 16. Qh4 Kg7 17. Ng5 h6 18. Ne4 Re6 19. g4 Nf6 20. Nxf6 Rxf6 21. e3 Rd6 22. Qg3 Rxd1+ 23. Rxd1 Be6 24. c5 f6 25. Rd6 Bf7 26. f4 exf4 27. Qxf4 Qe7 28. h4 g5 29. hxg5 hxg5 30. Qd4 Re8 31. Kf2 Be6 32.
Bf3 Qf7 33. b4 Bc8 34. Be2 Qe7 35. a4 Qe5 36. Qxe5 Rxe5 37. Rd8 Be6 38. Rb8 Re4 39.
Rxb7+ Kh6 40. Bf3 Rc4 41. Bxc6 Bxg4 42. Bf3 Bxf3 43. Kxf3 f5 44. Rxa7 Rxb4 45. a5 Rc4 46. Rc7 g4+ 47. Kg3 Re4 48. a6 Rxe3+ 49. Kf4 Rf3+ 50. Ke5 g3 51. a7 Ra3 52. Rb7 Kg5 53. Rg7+ Kh4 54. Kxf5 Kh3 55. Ke6 g2 56. c6 Rxa7 57.
Rxa7 g1=Q 58. Rh7+ Kg2 59. Rg7+ 1-0

[Event "*** MasterClass Titled Tuesday Blitz"]
[Site "Chess.com"]
[Date "2017.08.01"]
[Round "10"]
[White "Al_Shima"]
[Black "AndrewMcStone"]
[Result "1-0"]
[WhiteElo "2363"]
[BlackElo "2077"]
[TimeControl "180+2"]
[EndTime "15:16:24 PDT"]
[Termination "Al_Shima won by resignation"]

1. b3 e5 2. Bb2 Nc6 3. e3 Nf6 4. Bb5 Bd6 5. Na3 Na5 6. Bf1 O-O 7. c4 Re8 8. Nc2 Nc6 9. Ne2 e4 10. d3 exd3 11. Qxd3 Ne5 12. Qd4 Bc5 13. Qd1 d5 14. Ng3 Bg4 15. f3 dxc4 16. Qxd8 Raxd8 17. fxg4 Nd3+ 18. Bxd3 cxd3 19. Na3 d2+ 20. Ke2 Rxe3+ 21. Kd1 Nxg4 22. Nc4 Nf2+ 23. Kc2 Nxh1 24. Rxh1 Re1 25. Nxd2 Rxh1 26.
Nxh1 Bg1 27. Nf3 Be3 28. Ng3 g5 29. Nf5 Bf4 30. g3 g4 31. N3d4 Bg5 32. b4 a6 33.
a4 b6 34. b5 axb5 35. axb5 Rd5 36. Kd3 Rc5 37. Ba3 Rd5 38. Ke4 Rd8 39. Bb4 Re8+ 40. Kd3 Re1 41. Bxe1 1-0

[Event "*** MasterClass Titled Tuesday Blitz"]
[Site "Chess.com"]
[Date "2017.08.01"]
[Round "10"]
[White "michaelq2d5"]
[Black "Cryptochess"]
[Result "1/2-1/2"]
[WhiteElo "2595"]
[BlackElo "2498"]
[TimeControl "180+2"]
[EndTime "15:16:32 PDT"]
[Termination "Game drawn by agreement"]

1. d4 Nf6 2. c4 e6 3. Nc3 Bb4 4. Qc2 Nc6 5. Nf3 d6 6. Bd2 O-O 7. a3 Bxc3 8. Bxc3 Qe7 9. g3 a5 10. Bg2 a4 11. O-O e5 12. d5 Nb8 13. Nd2 Nbd7 14.
e4 Nc5 15. Rae1 c6 16. f4 Nfd7 17. Nf3 f6 18. fxe5 Nxe5 19. Nxe5 fxe5 20. Rxf8+ Qxf8 21. Rf1 Qe7 22. Bb4 Nb3 23. Qf2 Bd7 24. Qb6 Be8 25.
Qe3 c5 26. Bc3 b5 27. cxb5 Bxb5 28. Rf2 Rf8 29. Bh3 Rf6 30. Be6+ Kf8 31. Rf5 Rxf5 32.
Bxf5 g6 33. Bg4 Kg7 34. Bd2 Nd4 35. Qh6+ Kg8 36. Qh3 Qf7 37. Be6 Nxe6 38. Qxe6 Qxe6 39. dxe6 Bd3 40. Bg5 Bxe4 41. Be7 d5 42. Bxc5 Bf5 43. e7 Kf7 44. Bd6 e4 45. Bc5 d4 46. Bxd4 Kxe7 47.
Kf2 Ke6 48. Ke3 Kd5 49. Bc3 1/2-1/2

[Event "*** MasterClass Titled Tuesday Blitz"]
[Site "Chess.com"]
[Date "2017.08.01"]
[Round "10"]
[White "nihalsarin"]
[Black "Vrolijk"]
[Result "1-0"]
[WhiteElo "2604"]
[BlackElo "2501"]
[TimeControl "180+2"]
[EndTime "15:16:34 PDT"]
[Termination "nihalsarin won by resignation"]

1. d4 Nf6 2. c4 e6 3. Nf3 b6 4. g3 Bb7 5. Bg2 Be7 6. Nc3 Ne4 7. Bd2 O-O 8. Qc2 Nxd2 9. Qxd2 d6 10. Qc2 Nd7 11.
Ng5 Bxg5 12. Bxb7 Rb8 13. Bc6 e5 14. d5 a5 15. h4 Be7 16. h5 f5 17. Nb5 Nc5 18. O-O-O Bf6 19. Kb1 e4 20. Nd4 Bxd4 21. Rxd4 Qf6 22. Rhd1 Qg5 23. Rh1 h6 24. e3 Nd3 25.
Bd7 Rbd8 26. Be6+ Kh8 27. Rxd3 exd3 28. Qxd3 Qf6 29. Rh4 Rde8 30. Rf4 Rxe6 31. dxe6 Qxe6 32. Qd5 Qd7 33. g4 Qa4 34. gxf5 Qe8 35. Qf3 Qe5 36. Qd5 Qe8 37. Rh4 Qe7 38. Rg4 Qf6 39. e4 a4 40. a3 Re8 41. Ka2 Re5 42. Qa8+ Kh7 43. Qxa4 Qf7 44. Qb3 Qxh5 45. Rg6 Rxe4 46. Qg3 Re7 47.
Qd3 Rf7 48. Re6 Qxf5 49. Qe2 Qxf2 50. Qe4+ Qf5 51. Qe2 h5 52. Re8 Qg4 53. Qc2+ Qg6 54. Rh8+ 1-0

[Event "*** MasterClass Titled Tuesday Blitz"]
[Site "Chess.com"]
[Date "2017.08.01"]
[Round "10"]
[White "Sharafiev_Azat"]
[Black "Muracle"]
[Result "0-1"]
[WhiteElo "2344"]
[BlackElo "2440"]
[TimeControl "180+2"]
[EndTime "15:16:45 PDT"]
[Termination "Muracle won on time"]

1. Nf3 Nf6 2. c4 g6 3. g3 Bg7 4.
Bg2 O-O 5. O-O d5 6. cxd5 Nxd5 7. Nc3 Nb6 8. d3 Nc6 9. Be3 e5 10. Qd2 Nd4 11. Bh6 Nxf3+ 12. Bxf3 c6 13. Bxg7 Kxg7 14. Ne4 Qe7 15. Rac1 Be6 16. Nc5 Bd5 17. e4 Be6 18.
Qc3 f6 19. d4 exd4 20. Qxd4 Rad8 21. Nxe6+ Qxe6 22. Qb4 Rfe8 23. a4 Re7 24. a5 Nc8 25. e5 Qxe5 26. a6 bxa6 27. Rfe1 Qd6 28. Rxe7+ Nxe7 29. Qb7 Rd7 30. Qxa6 Qb4 31. Qa2 Rd2 32. Qxa7 g5 33. Rxc6 Kg6 34. Re6 Nc8 35. Qa6 Nd6 36.
Qc6 Qd4 37. Re2 Rxe2 38. Bxe2 Ne4 39. Qc2 Qxf2+ 40. Kh1 Qe1+ 41. Kg2 Qf2+ 42. Kh1 Qf5 43. Bd3 Nf2+ 44. Kg2 Nxd3 45. h3 Ne1+ 0-1

[Event "*** MasterClass Titled Tuesday Blitz"]
[Site "Chess.com"]
[Date "2017.08.01"]
[Round "10"]
[White "evgenysharapov"]
[Black "Rbrrt"]
[Result "1-0"]
[WhiteElo "2284"]
[BlackElo "2321"]
[TimeControl "180+2"]
[EndTime "15:16:49 PDT"]
[Termination "evgenysharapov won by checkmate"]

1. e4 c5 2. Nf3 Nc6 3. d4 cxd4 4. Nxd4 Nf6 5. Nc3 e5 6. Ndb5 d6 7. Bg5 a6 8. Na3 b5 9. Nd5 Be7 10. Bxf6 Bxf6 11. c3 Bg5 12. Nc2 Rb8 13. a4 bxa4 14. Ncb4 Nxb4 15. cxb4 Bd7 16. Bxa6 O-O 17. O-O Bc6 18.
b5 Bxb5 19. Bxb5 Rxb5 20. Ra2 Qb8 21. Qxa4 Rxb2 22. Rxb2 Qxb2 23. Qd7 Qd4 24. Qf5 Bd8 25. g3 g6 26. Qf3 f5 27. exf5 e4 28. Qb3 gxf5 29.
Nf4+ Kh8 30. Ne6 Qf6 31. Nxf8 Qxf8 32. Qe6 Qf6 33. Qe8+ Kg7 34. Rb1 Qe7 35. Qh5 Qd7 36. Kg2 d5 37. Rd1 d4 38. g4 e3 39. gxf5 Qc6+ 40.
Qf3 Qc3 41. Rg1 e2 42. Qxe2 d3 43. Kh1+ Kf6 44. Qe6# 1-0

[Event "*** MasterClass Titled Tuesday Blitz"]
[Site "Chess.com"]
[Date "2017.08.01"]
[Round "10"]
[White "Tash_Boy"]
[Black "hermionegrangermagic"]
[Result "1-0"]
[WhiteElo "2448"]
[BlackElo "2371"]
[TimeControl "180+2"]
[EndTime "15:16:50 PDT"]
[Termination "Tash_Boy won by checkmate"]

1. e4 c5 2. Nf3 Nc6 3. d4 cxd4 4. Nxd4 e5 5. Nxc6 bxc6 6. Bc4 Nf6 7. Nc3 Bb4 8. O-O O-O 9. Bg5 h6 10. Bh4 Qe7 11.
Qd3 Bb7 12. Rad1 Rad8 13. Rfe1 d5 14. exd5 cxd5 15. Bb3 d4 16. Bxf6 Qxf6 17. Ne4 Qg6 18. Re2 Kh8 19. a3 f5 20. axb4 Bxe4 21. Qg3 Qd6 22.
f3 Ba8 23. Qxe5 Qxb4 24. Qe7 Qb6 25. Rd3 Bc6 26. Qh4 Bb5 27. Re6 Qc7 28. Rd1 Qd7 29. Rde1 d3 30. cxd3 Bxd3 31. Kh1 f4 32. Re7 Qb5 33.
Bf7 a5 34. h3 Qg5 35. Qxg5 hxg5 36. R1e5 Bh7 37. Rxa5 Rd1+ 38. Kh2 Rc8 39. Rxg5 Rd2 40. Rh5 Rxb2 41. Bg6 Kg8 42. Rxh7 Rd8 43. Rexg7+ Kf8 44. Rf7+ Kg8 45. Rhg7+ Kh8 46. Be4 Rdd2 47. Rh7+ Kg8 48.
Rfg7+ Kf8 49. Rg4 Rd1 50. Rxf4+ Kg8 51. Rg4+ Kf8 52. Rgg7 Rbb1 53. Ra7 Rh1+ 54. Kg3 Kg8 55. Ra8+ Rb8 56. Rxb8# 1-0

[Event "*** MasterClass Titled Tuesday Blitz"]
[Site "Chess.com"]
[Date "2017.08.01"]
[Round "10"]
[White "Witik"]
[Black "FairChess_on_YouTube"]
[Result "0-1"]
[WhiteElo "2586"]
[BlackElo "2751"]
[TimeControl "180+2"]
[EndTime "15:16:56 PDT"]
[Termination "FairChess_on_YouTube won by resignation"]

1. d4 d5 2. Bf4 Nf6 3. e3 g6 4.
Nf3 Bg7 5. Nc3 O-O 6. Be2 c5 7. dxc5 Nc6 8. Ne5 Qa5 9. O-O Qxc5 10. h3 Bf5 11. Re1 Rac8 12. Rc1 Rfd8 13. Nxc6 Rxc6 14. Nb5 Ne4 15. c3 e5 16. Bh2 a6 17.
Na3 b5 18. Nc2 a5 19. Bd3 Rcc8 20. a3 Nd6 21. Qe2 e4 22. Bxd6 Rxd6 23. Bxb5 Be5 24.
a4 Rf6 25. Nd4 Bb8 26. c4 h5 27. Nxf5 Rxf5 28. g3 h4 29. g4 Qd6 30. f4 exf3 31. Qf2 Rf6 32. cxd5 Rxc1 33. Rxc1 Kg7 34. Rc6 Qe5 35.
Rxf6 Qxf6 36. Kf1 Bg3 37. Qd2 Bd6 38. Qd4 Be5 39. Qd2 Qd6 40. e4 Bf6 41. Qe3 Qg3 42. g5 Bxg5 43. Qd4+ Bf6 44. Qf2 Qxh3+ 45. Kg1 Qg4+ 46.
Kf1 h3 47. d6 Qg2+ 48. Qxg2 hxg2+ 49. Kf2 Bd4+ 0-1

[Event "*** MasterClass Titled Tuesday Blitz"]
[Site "Chess.com"]
[Date "2017.08.01"]
[Round "10"]
[White "GrigorGrigorov"]
[Black "krzyzan94"]
[Result "0-1"]
[WhiteElo "2601"]
[BlackElo "2566"]
[TimeControl "180+2"]
[EndTime "15:16:59 PDT"]
[Termination "krzyzan94 won by resignation"]

1. d4 Nf6 2. c4 d6 3. Nf3 g6 4. g3 Bg7 5. Bg2 O-O 6. O-O Nc6 7. Nc3 Bg4 8. d5 Na5 9. Nd2 c5 10. Qc2 a6 11. h3 Bd7 12. b3 b5 13. Bb2 Rb8 14.
Rab1 Qc7 15. e4 Rb7 16. Ne2 bxc4 17. bxc4 Rfb8 18. Bc3 Ne8 19. Bxg7 Nxg7 20. Rxb7 Rxb7 21. Rb1 Qb8 22. Rxb7 Qxb7 23. Qc3 Qb6 24. a3 Ba4 25. Nc1 e5 26. Kh2 Nb7 27. f4 f6 28. Nd3 Na5 29.
Nf2 Nb3 30. Ng4 Ne8 31. fxe5 fxe5 32. Nf3 h5 33. Ngxe5 dxe5 34. Qxe5 Nd4 35. Ng5 Qd6 36. Qf4 Qxf4 37. gxf4 Nd6 38. e5 Nxc4 39. d6 Ne3 40. e6 Nxe6 41. Nxe6 c4 42. Nc5 Nxg2 43. Nxa4 Nxf4 44.
Nc5 Kf7 45. Nxa6 c3 46. Nb4 Ke6 47. Kg3 g5 48. h4 Ng6 49. hxg5 h4+ 50. Kg4 Kxd6 51.
a4 Kc5 52. Nc2 Kc4 53. Kh5 h3 54. Kxg6 h2 55. a5 h1=Q 56. a6 Qe4+ 0-1

[Event "*** MasterClass Titled Tuesday Blitz"]
[Site "Chess.com"]
[Date "2017.08.01"]
[Round "10"]
[White "Usurpov"]
[Black "LastHeroJr"]
[Result "1/2-1/2"]
[WhiteElo "2331"]
[BlackElo "2406"]
[TimeControl "180+2"]
[EndTime "15:17:08 PDT"]
[Termination "Game drawn - insufficient material"]

1. e4 d6 2. d4 Nf6 3. Nc3 g6 4. f4 Bg7 5. Nf3 O-O 6. e5 Nfd7 7. h4 c5 8. e6 fxe6 9. h5 cxd4 10. Nxd4 Qa5 11. hxg6 hxg6 12. Be3 Nc6 13. Nxe6 Bxc3+ 14. bxc3 Rf6 15. Ng5 Qxc3+ 16. Kf2 Nde5 17. Ne4 Ng4+ 18. Qxg4 Qxc2+ 19. Qe2 Qxe4 20. Qc4+ Qxc4 21. Bxc4+ Be6 22. Be2 Ne5 23. Kg3 Nc6 24. Bf3 Rf7 25. Bxc6 bxc6 26.
Bd4 Rf6 27. Bxf6 exf6 28. Rhe1 Bd5 29. Re7 Rb8 30. Rh1 Rb2 31. Rhh7 Rxg2+ 32. Kh3 Rxa2 33.
Rd7 Ra1 34. Rhe7 Kf8 35. Rc7 a5 36. Rh7 Rh1+ 37. Kg3 Rxh7 38. Rxh7 a4 39. Ra7 Bb3 40. Kf2 c5 41. Ke3 d5 42. Kd3 d4 43. Rc7 a3 44.
Rxc5 Ke7 45. Kxd4 Ke6 46. Ke3 Bd5 47. Ra5 a2 48. Ra6+ Kf5 49. Ra5 Ke6 50. Ra6+ Ke7 51.
Ra5 Be6 52. Kd4 g5 53. fxg5 fxg5 54. Ke5 Bb3 55. Kf5 Kd6 56. Kxg5 Kc6 57. Rxa2 Bxa2 1/2-1/2

[Event "*** MasterClass Titled Tuesday Blitz"]
[Site "Chess.com"]
[Date "2017.08.01"]
[Round "10"]
[White "SipkeErnst"]
[Black "Bengalas"]
[Result "0-1"]
[WhiteElo "2491"]
[BlackElo "2496"]
[TimeControl "180+2"]
[EndTime "15:18:37 PDT"]
[Termination "Bengalas won by resignation"]

1. h4 e5 2. h5 d5 3. a4 Nc6 4.
a5 a6 5. e3 h6 6. d3 Nf6 7. Be2 Be6 8. c3 Qd7 9. d4 Be7 10. Nf3 e4 11. Nh2 O-O 12. b3 Nh7 13. c4 Nb4 14. Nc3 f5 15. g4 fxg4 16. Nxg4 c6 17.
Ne5 Qe8 18. Ng6 Ng5 19. Ra4 Nf3+ 20. Bxf3 Nd3+ 21. Qxd3 exd3 22. cxd5 Rxf3 23. dxe6 Bd6 24.
d5 cxd5 25. Nxd5 Qxe6 26. Rd4 Rh3 27. Rg1 Rxh5 28. Ngf4 Bxf4 29. Nxf4 Qc6 30. Rc4 Rh1 31. Rxh1 Qxh1+ 32. Kd2 Rd8 33. Bb2 Qf1 34. Bd4 Qxf2+ 35. Kxd3 Qf1+ 36. Ke4 Qb1+ 37. Kf3 Qf5 38. Rc7 Rd7 39.
Rc8+ Kh7 40. Rc5 Qf7 41. b4 Rc7 42. Rxc7 Qxc7 43. e4 g5 44. Nd5 Qc4 45. Ke3 h5 46.
Nf6+ Kg6 47. Nd7 Qxb4 48. Ne5+ Kh7 49. Nf3 Qxa5 50. e5 Kg6 51. Ke4 Qa2 52. Be3 Qc4+ 53. Nd4 h4 54. e6 Kf6 55. e7 Kxe7 56. Bxg5+ Kd7 57. Bxh4 a5 58. Ke3 b5 59. Nf3 Kc8 60.
Be1 b4 61. Ne5 Qc1+ 62. Bd2 Qc5+ 63. Ke4 a4 64. Nd3 Qc4+ 65. Ke3 b3 66. Bc1 Qxc1+ 67.
Nxc1 b2 68. Kd2 b1=Q 0-1

[Event "*** MasterClass Titled Tuesday Blitz"]
[Site "Chess.com"]
[Date "2017.08.01"]
[Round "10"]
[White "GMMarcinDziuba"]
[Black "MITerryble"]
[Result "0-1"]
[WhiteElo "2560"]
[BlackElo "2702"]
[TimeControl "180+2"]
[EndTime "15:19:44 PDT"]
[Termination "MITerryble won on time"]

1. d4 e6 2. c4 Bb4+ 3. Nd2 Nf6 4.
a3 Be7 5. Ngf3 O-O 6. e4 d6 7. Bd3 c5 8. d5 Nbd7 9. O-O e5 10. Ne1 g6 11. Nc2 Nh5 12. g3 Bg5 13. Be2 Ng7 14. h4 Bh6 15. Ne3 f5 16. Nf3 Nf6 17. exf5 gxf5 18.
Ng5 Bxg5 19. hxg5 Ne4 20. Bd3 Nxg5 21. f4 exf4 22. gxf4 Ne4 23. Bxe4 fxe4 24. Rf2 Rf6 25. Rg2 Rg6 26. Qe2 Qh4 27. Bd2 Bh3 28. Rxg6 hxg6 29.
Qf2 Qh5 30. Qg3 Kf7 31. Kf2 Nf5 32. Nxf5 Bxf5 33. Rg1 Rh8 34. Bc3 Rh7 35. Qg5 Qf3+ 36. Ke1 Ke8 37. Qg3 Kf7 38. Qxf3 exf3 39. Kf2 Be4 40. Ke3 f2 41. Rf1 Bg2 42. Rxf2 Rh3+ 43. Kd2 Be4 44. Re2 Bd3 45. Re6 Bxc4 46. Rxd6 Rd3+ 47. Ke1 Bxd5 48. Rf6+ Ke7 49. Rxg6 Rf3 50. Rg5 Ke6 51. Re5+ Kd6 52. Re8 Bc6 53. Be5+ Kd5 54.
Rd8+ Kc4 55. Kd2 Rf2+ 56. Ke3 Rf3+ 57. Ke2 Rh3 58. Rd2 Be4 59. Kf2 Rf3+ 60. Ke2 Rh3 61. Kf2 b5 62. Re2 Rf3+ 63. Ke1 Bd3 64. Rf2 Rh3 65.
Kd2 Bf5 66. Rg2 a5 67. Rg1 Rh2+ 68. Ke3 Rh3+ 69. Kd2 b4 70. Rc1+ Kb5 71. axb4 cxb4 72. Rc7 Rh2+ 73. Ke3 Rh3+ 74. Kf2 Be4 75. Re7 Rf3+ 76.
Ke2 Rh3 77. Bc7 Bd3+ 78. Kd2 a4 79. Re3 Rh7 0-1

[Event "*** MasterClass Titled Tuesday Blitz"]
[Site "Chess.com"]
[Date "2017.08.01"]
[Round "10"]
[White "jb2mix"]
[Black "dretch"]
[Result "0-1"]
[WhiteElo "2481"]
[BlackElo "2559"]
[TimeControl "180+2"]
[EndTime "15:20:04 PDT"]
[Termination "dretch won by resignation"]

1. e4 e6 2. d4 d5 3. Nd2 c5 4. exd5 Qxd5 5. dxc5 Nf6 6. Ngf3 Qxc5 7. Bd3 Nbd7 8. O-O Qc7 9. Qe2 b6 10. Ne4 Nxe4 11. Bxe4 Rb8 12. Bg5 Nc5 13. Bh4 Bd6 14.
Rad1 Nxe4 15. Qxe4 Bb7 16. Qd4 Bxf3 17. Qxd6 Qxd6 18. Rxd6 Bd5 19. a4 g5 20. Bg3 Rc8 21.
Rc1 Ke7 22. Re1 Rhd8 23. Rxd8 Kxd8 24. c3 Rc4 25. Be5 Rxa4 26. b4 Ke7 27. h3 f6 28.
Bd4 e5 29. Be3 Ra3 30. Rc1 Bc4 31. Kh2 Ke6 32. Kg3 Kf5 33. h4 h6 34. hxg5 hxg5 35.
Kf3 Bd5+ 36. Kg3 Bc4 37. Kf3 g4+ 38. Kg3 Ke4 39. Re1 Kf5 40. Rc1 b5 41. f3 gxf3 42. gxf3 a6 43. Bc5 Ra2 44. Rd1 Rc2 45. Rd6 Rxc3 46.
Rxa6 Bd5 47. Be7 Rxf3+ 48. Kh4 Kg6 49. Bd8 Bc4 50. Rd6 Kf7 51. Rb6 Bd3 52. Kg4 Be2 53. Kh4 Kg6 54. Rd6 Bc4 55. Rb6 Rf1 56. Kg3 Kf7 57.
Kg4 Rf4+ 58. Kg3 Be2 59. Rb7+ Ke6 60. Rb6+ Kf7 61. Rb7+ Kg6 62. Rb6 Rf5 63. Rd6 Rf3+ 64. Kg2 Rf4 65. Kg3 Bc4 66. Rb6 Kf7 67. Rb7+ Ke8 68.
Be7 Bd5 69. Rc7 Rf3+ 70. Kg4 Rf4+ 71. Kg3 Be6 72. Bc5 Bd7 73. Rb7 Bc6 74. Rc7 Bd5 75. Ra7 Rf3+ 76. Kg4 Rf4+ 77. Kg3 Rf1 78. Kg4 Be6+ 79.
Kg3 Bd7 80. Ra8+ Kf7 81. Ra6 Kg6 82. Be7 e4 83. Rd6 Rf3+ 84. Kg2 Bh3+ 85. Kh2 Bf1 86. Re6 Bd3 87. Bd8 Kf7 88. Re7+ Kg6 89. Re6 Rf5 90. Kg3 Kg5 91. Re8 Rf3+ 92. Kg2 Bf1+ 93. Kh2 e3 94. Bb6 e2 95. Kg1 Kf5 96. Bd8 Rf4 97. Bb6 Rxb4 98.
Kf2 Re4 99. Ke1 Rxe8 0-1

[Event "*** MasterClass Titled Tuesday Blitz"]
[Site "Chess.com"]
[Date "2017.08.01"]
[Round "10"]
[White "sergiochess83"]
[Black "Sebastian"]
[Result "1/2-1/2"]
[WhiteElo "2680"]
[BlackElo "2782"]
[TimeControl "180+2"]
[EndTime "15:21:33 PDT"]
[Termination "Game drawn by 50-move rule"]

1. e4 e5 2. Nf3 Nc6 3. Bb5 Nf6 4. O-O Nxe4 5. Re1 Nd6 6. Nxe5 Be7 7. Bf1 Nxe5 8. Rxe5 O-O 9. d4 Bf6 10. Re1 Re8 11.
Rxe8+ Nxe8 12. c3 d5 13. Bf4 Bf5 14. Nd2 c6 15. Nf3 Nd6 16. Bd3 Bxd3 17. Qxd3 Ne4 18.
Nd2 Nxd2 19. Qxd2 Qd7 20. Re1 Re8 21. Rxe8+ Qxe8 22. Qe3 Qd8 23. h3 h5 24. b3 g6 25.
Be5 Bg5 26. Bf4 Be7 27. Be5 Bf8 28. Qf4 a6 29. a4 Qe7 30. g4 Qh4 31. Kg2 hxg4 32.
hxg4 Bh6 33. Qg3 Qe7 34. Qd3 Qa3 35. Qf3 Bg5 36. Bf4 Be7 37. Qe3 Bf8 38. Qe8 Qe7 39.
Qxe7 Bxe7 40. Kf3 f6 41. Ke3 Kf7 42. Kd3 Ke6 43. f3 b5 44. axb5 cxb5 45. b4 Bd8 46. Bg3 f5 47. Bf4 Bh4 48. Bc7 Be7 49. Bf4 Kf6 50.
Ke2 Bd8 51. Kd3 a5 52. bxa5 Bxa5 53. Kc2 Bd8 54. Kd3 Be7 55. Kc2 Ke6 56. Kd3 fxg4 57. fxg4 Kd7 58. Kc2 Kc6 59. Kd3 Kb6 60. Kc2 Ka5 61.
Kb3 Kb6 62. Be3 Kc6 63. Bf4 Kd7 64. Kc2 Ke6 65. Kd3 Bd8 66. Kc2 Ba5 67. Kd3 Kf6 68. Kc2 Bd8 69. Kd3 Ke6 70. Kc2 Be7 71. Kd3 Kd7 72. Kc2 Kc6 73. Kb3 Kb6 74. Kc2 Bh4 75.
Kb3 Be1 76. Kb4 Bf2 77. Kb3 Bh4 78. Kb4 Be7+ 79. Kb3 Kc6 80. Kc2 b4 81. cxb4 Kb5 82. Kd3 Kxb4 83. Bd2+ Kb3 84. Bf4 Bb4 85. Be3 Kb2 86.
Bf4 Kb1 87. Be3 Bd6 88. Bg5 Kb2 89. Be3 Kb3 90. Bg5 Kb4 91. Be3 Kb5 92. Bg5 Kc6 93.
Be3 Kd7 94. Ke2 Ke6 95. Kf3 Bc7 96. Bf4 Bb6 97. Be3 Kf6 98. Ke2 Bc7 99. Kf3 Bd6 100. Ke2 Ke6 101. Kf3 Be7 102. Bf4 Bf6 103. Be3 Kd7 104.
Ke2 Kc6 105. Kd3 Kb5 106. Bd2 Be7 107. Be3 Bd6 108. Bd2 Bb4 109. Be3 Ka4 110. Bf4 Kb3 111. Be3 Bd6 112. Bg5 Kb2 113. Be3 Kb1 114. Bg5 Ba3 115. Kc3 Bb2+ 116. Kd3 Ka2 117. Be3 Kb3 118. Bg5 Ba3 119. Be3 Bd6 120. Bg5 Kb4 121. Bd2+ Kb5 122. Be3 Kc6 123. Bg5 Kd7 124. Be3 Ke6 125. Ke2 Kf7 126. Kf3 Kg7 127. Bf4 Be7 128. Be3 Bf6 129. Kf4 Kf7 130. Kf3 Kg8 131.
Kf4 Kf7 132. Kf3 Ke8 133. Kf4 Kd7 134. Kf3 Kc6 135. Ke2 Kb5 136. Kd3 Kb4 137. Bd2+ Kb3 1/2-1/2